 Dungeon Crawl Stone Soup version 0.21.1-1-g345015fe64 (webtiles) character file.

37 Revguard the Slasher (level 3, 0/27 HPs)
             Began as a Demonspawn Gladiator on June 13, 2018.
             Slain by a worm (5 damage)
             ... on level 2 of the Dungeon.
             The game lasted 00:04:46 (1030 turns).

Revguard the Slasher (Demonspawn Gladiator)         Turns: 1030, Time: 00:04:46

Health: 0/27       AC:  4    Str: 14    XL:     3   Next: 23%
Magic:  2/4        EV: 13    Int:  9    God:
Gold:   72         SH:  0    Dex: 15    Spells: 1/4 levels left

rFire    . . .     SeeInvis .   a - +0 long sword
rCold    . . .     Gourm    .   (no shield)
rNeg     . . .     Faith    .   b - +0 leather armour
rPois    .         Spirit   .   c - +0 helmet
rElec    .         Reflect  .   (no cloak)
rCorr    .         Harm     .   (no gloves)
MR       .....                  (no boots)
Stlth    ++........             (no amulet)
HPRegen  0.09/turn              (no ring)
MPRegen  0.09/turn              (no ring)

@: very slightly contaminated
A: nightstalker 1
a: no special abilities


You were on level 2 of the Dungeon.
You were hungry.

You visited 1 branch of the dungeon, and saw 2 of its levels.

You collected 72 gold pieces.

Inventory:

Hand Weapons
 a - a +0 long sword (weapon)
Missiles
 d - 3 throwing nets (quivered)
Armour
 b - a +0 leather armour (worn)
 c - a +0 helmet (worn)
Scrolls
 h - 2 scrolls of teleportation {unknown}
 i - 5 scrolls of remove curse {unknown}
 k - a scroll of identify {unknown}
Potions
 e - a potion of cancellation {unknown}
 g - a potion of might {unknown}
 l - 2 potions of flight {unknown}
 m - a potion of heal wounds {unknown}
Books
 j - a book of Maledictions

   Spells                             Type                      Level
   a - Corona                         Hexes                        1
   b - Ensorcelled Hibernation        Hexes/Ice                    2
   c - Confuse                        Hexes                        3
   d - Tukima's Dance                 Hexes                        3
   e - Dazzling Spray                 Conjuration/Hexes            3
Comestibles
 f - 3 rations


   Skills:
 + Level 2.1 Fighting
 + Level 3.0 Long Blades
 - Level 1.7 Throwing
 * Level 0.9 Armour
 + Level 3.0 Dodging
 * Level 1.0 Spellcasting


You had one spell level left.
You knew the following spells:

 Your Spells              Type           Power        Failure   Level  Hunger
a - Confuse               Hex            #.......     80%         3    ####...


Dungeon Overview and Level Annotations

Branches:
Dungeon (2/15)

Altars:
Ru


Innate Abilities, Weirdness & Mutations

You are slightly more attuned to the shadows.


Message History

The worm is severely wounded.
You hit the worm.
The worm is almost dead.
The worm bites you.
You barely miss the worm.
The worm is almost dead.
The worm barely misses you.
You hit the worm but do no damage.
The worm is severely wounded.
You barely miss the worm.
The worm is severely wounded.
The worm barely misses you.
You hit the worm.
The worm is almost dead.
The worm bites you!
* * * LOW HITPOINT WARNING * * *
You barely miss the worm.
The worm is almost dead.
The worm bites you.
You die...

.........###.....#..##..##.## #
.#.####### #.....#..##..##.# #
.#.# ###.###.... ....# # .#.# #.#
#..##..### # .#.# #.. ....... #
.#.# ##..#)#.# # .#.##### #...#
#.# # .#.#...# #######..# #.####
.#.....#####...w@..## ##...# #
>.............(.....## ##.##.# ##
#####..#####(#####.#.###.###.###.
............. #.##.#.####.##..
#####..##### #.###.## #......
#.....# ..# #.# #...#..
#.##..##### ### #.# #..<##.
#.........# #.# #######
#.###.#.#.# #.# #


You could see a worm.

Vanquished Creatures
  An ooze (D:1)
  2 dart slugs (D:1)
  A leopard gecko (D:1)
  5 bats
  A giant cockroach (D:1)
  A goblin (D:1)
  5 hobgoblins
  4 jackals (D:1)
  A quokka (D:2)
  A kobold (D:2)
  4 rats
26 creatures vanquished.

Notes
Turn   | Place    | Note
-------+----------+-------------------------------------------
     0 | D:1      | Revguard the Demonspawn Gladiator began the quest for the Orb.
     0 | D:1      | Reached XP level 1. HP: 16/16 MP: 1/1
   105 | D:1      | Gained mutation: You are slightly more attuned to the shadows. [demonic ancestry]
   105 | D:1      | Reached XP level 2. HP: 21/22 MP: 2/2
   298 | D:1      | Reached skill level 1 in Spellcasting
   346 | D:1      | Reached XP level 3. HP: 20/27 MP: 4/4
   662 | D:2      | Found a sacrificial altar of Ru.
   715 | D:2      | Learned a level 3 spell: Confuse
  1030 | D:2      | Slain by a worm

Skill      XL: |  1  2 |
---------------+-------+-----
Long Blades    | 3 |  3.0
Dodging        | 3 |  3.0
Spellcasting   | 1 |  1.0
Fighting       | |  2.1
Throwing       | |  1.7
Armour         | |  0.9

Action                   || total
-------------------------++-------
Melee: Long sword        ||    76
 Stab: Sleeping          ||     4
Armor: Leather armour    ||    23
Dodge: Dodged            ||    58
       Rpst.: Long sword ||    17
